 Dungeon Crawl Stone Soup version 0.30-a0-341-g682706514a (webtiles) character file.

Game seed: 1141468419624985367

582 koil the Ruffian (level 7, 0/58 HPs)
             Began as a Black Draconian Transmuter on Nov 5, 2022.
             Succumbed to a gnoll sergeant's poison
             ... on level 5 of the Dungeon.
             The game lasted 00:08:02 (4062 turns).

koil the Ruffian (Black Draconian Transmuter)       Turns: 4062, Time: 00:08:03

Health: 0/58       AC:  7    Str: 15    XL:     7   Next: 14%
Magic:  10/12      EV: 12    Int: 13    God:
Gold:   276        SH:  5    Dex: 11    Spells: 7/13 levels left

rFire   . . .      SeeInvis .      - Unarmed
rCold   . . .      Faith    .    (no shield)
rNeg    . . .      Spirit   .    (body armour unavailable)
rPois   .          Reflect  +    (helmet currently unavailable)
rElec   +          Harm     .    t - +0 cloak
rCorr   .          Rampage  .    (no gloves)
Will    .....                    (boots currently unavailable)
Stlth   +.........               h - amulet of reflection
HPRegen 0.29/turn                (no ring)
MPRegen 0.13/turn                (no ring)

@: lethally poisoned (0 -> -31), appendages (expiring), wereblooded
A: horns 2, talons 2, breathe lightning, AC +6, unfitting armour, electricity
resistance, cold-blooded
a: Breathe Lightning, End Transformation


You were on level 5 of the Dungeon.
You had temporarily grown beastly horns and talons.
You visited 1 branch of the dungeon, and saw 5 of its levels.

You collected 276 gold pieces.

Inventory:

Hand Weapons
 b - a +3 dagger
Missiles
 x - 6 poisoned darts
 E - 2 atropa-tipped darts
Armour
 q - a +2 pair of gloves
 t - a +0 cloak (worn)
Magical Staves
 y - a staff of earth
Jewellery
 h - an amulet of reflection (around neck)
 r - a ring of magical power
Wands
 l - a wand of flame (13)
 D - a wand of digging (4)
Scrolls
 e - a scroll of teleportation {unknown}
 f - a scroll of immolation {unknown}
 g - 7 scrolls of blinking {unknown}
 k - 2 scrolls of magic mapping {unknown}
 m - a scroll of identify {unknown}
 n - a scroll of enchant weapon {unknown}
 p - 2 scrolls of amnesia {unknown}
 u - a scroll of enchant armour {unknown}
 w - a scroll of noise {unknown}
 B - a scroll of vulnerability {unknown}
Potions
 a - a potion of lignification
 c - 2 potions of berserk rage {unknown}
 d - 2 potions of invisibility {unknown}
 i - 3 potions of brilliance {unknown}
 j - 2 potions of haste {unknown}
 o - a potion of cancellation {unknown}
 s - 3 potions of curing {unknown}
 v - a potion of flight {unknown}
 z - a potion of might {unknown}
 A - a potion of degeneration {unknown}
 C - a potion of heal wounds {unknown}


   Skills:
 + Level 3.6 Fighting
 + Level 3.4 Dodging
 + Level 4.4 Unarmed Combat
 + Level 3.5 Spellcasting
 + Level 3.7 Transmutations
 + Level 1.5 Poison Magic


You had 7 spell levels left.
You knew the following spells:

 Your Spells              Type           Power      Damage    Failure   Level
a - Beastly Appendage     Tmut           24%        N/A       4%          1
b - Wereblood             Tmut           12%        N/A       7%          2
c - Spider Form           Tmut/Pois      9%         N/A       22%         3

Your spell library contained the following spells:

 Spells                   Type           Power      Damage    Failure   Level
 Cigotuvi's Dreadful Rot  Necr/Pois/Air  6%         N/A       26%         2
 Ice Form                 Ice/Tmut       7%         N/A       69%         4
 Dispel Undead            Necr           2%         3d7       91%         4
 Death Channel            Necr           1%         N/A       100%        6


Dungeon Overview and Level Annotations

Branches:
Dungeon (5/15)
 Temple: D:4-7

Altars:

Shops:
D:1 (   D:2 ([(

Annotations:
D:4 3 runed translucent doors, Encipher's ghost, amateur DrRe


Innate Abilities, Weirdness & Mutations

You have temporarily grown beastly horns and talons.
You can breathe wild blasts of lightning.
Your glossy black scales are hard. (AC +6)
You cannot fit into any form of body armour.
You are resistant to electric shocks. (rElec)
You are cold-blooded and may be slowed by cold attacks.


Message History

A dart slug comes into view.
The adder closely misses you.
You miss the adder. You claw the adder.
Your tail-slap misses the adder.
The adder is severely wounded.
You block the adder's attack.
You punch the adder!
You feel a bit better.
You kill the adder!
You block the gnoll sergeant's attack.
You closely miss the orc.
Your tail-slap misses the orc.
The gnoll sergeant hits you from afar with a +2 spear of venom.
You are poisoned.
You block the orc's attack.
You hit the orc. You headbutt the orc.
You feel a bit better.
You kill the orc!
You feel sick.
The gnoll sergeant hits you from afar with a +2 spear of venom!
You are more poisoned.
You hit the orc wizard. You headbutt the orc wizard!
Your punch misses the orc wizard.
The orc wizard is severely wounded.
Your transformation is almost over.
You feel very sick.
The gnoll sergeant hits you from afar with a +2 spear of venom.
You are more poisoned.
The orc wizard hits you with a +0 dagger.
The orc wizard attacks as you move away!
The orc wizard misses you.
You feel extremely sick.
You feel very sick.
There is a stone staircase leading down here.
You barely miss the orc wizard. Your kick misses the orc wizard.
You headbutt the orc wizard.
You feel a bit better.
You kill the orc wizard!
You feel very sick.
You swing at nothing.
You feel very sick.
The gnoll sergeant hits you from afar with a +2 spear of venom!
* * * LOW HITPOINT WARNING * * *
You are more poisoned.
You die...

...#.#####'###'#.###
##.#...........#.+ .......
##.#.........##### .......
##.#.........'..# .......
##.#.........##.# $......
##.#.........##.# ..<....
#>#.....)...+#.# .......
#.#.........##.#####.......
#.#.........##.@>)gow.#
#.........########.#...#
#.##.......... .# ##
#.##.######### .#
####.#.......... ..
........#....... .#
####..†.#.###### .#
#....#.# .# .......#.#


You could see a gnoll sergeant, a dart slug and an orc.

Vanquished Creatures
  An ogre (D:5)
  A phantom (D:5)
  A scorpion (D:5)
  2 hounds (D:4)
  An iguana (D:4)
  4 orc wizards
  A gnoll (D:3)
  7 adders
  3 dart slugs
  14 orcs
  6 endoplasms
  6 goblins
  8 hobgoblins
  4 jackals (D:4)
  3 quokkas
  8 ball pythons
  10 bats
  2 frilled lizards (D:3)
  6 kobolds
  5 rats
93 creatures vanquished.

Notes
Turn   | Place    | Note
-------+----------+-------------------------------------------
     0 | D:1      | koil the Draconian Transmuter began the quest for the Orb.
     0 | D:1      | Reached XP level 1. HP: 16/16 MP: 3/3
    65 | D:1      | Reached XP level 2. HP: 13/23 MP: 3/5
    68 | D:1      | Learned a level 2 spell: Wereblood
   291 | D:1      | Found Dasaunan's Antique Weapon Boutique.
   435 | D:1      | Reached XP level 3. HP: 29/29 MP: 6/6
   850 | D:2      | Found Pith's Weapon Emporium.
  1399 | D:2      | Found Maum's Weapon Boutique.
  1484 | D:2      | Found a faded altar of an unknown god.
  1484 | D:2      | Found Bajibior's Armour Shop.
  2009 | D:3      | Reached XP level 4. HP: 28/36 MP: 3/7
  2565 | D:3      | Reached XP level 5. HP: 39/42 MP: 4/9
  2986 | D:4      | Found a runed translucent gate.
  2986 | D:4      | Found a runed translucent gate.
  2986 | D:4      | Found a runed translucent gate.
  2986 | D:4      | Noticed Encipher's ghost (amateur DrRe)
  3075 | D:4      | Reached skill level 4 in Unarmed Combat
  3223 | D:4      | Reached XP level 6. HP: 51/51 MP: 6/10
  3236 | D:4      | Learned a level 3 spell: Spider Form
  3650 | D:5      | Entered Level 5 of the Dungeon
  3722 | D:5      | Reached skill level 1 in Poison Magic
  3847 | D:5      | Your scales start taking on a glossy black colour.
  3847 | D:5      | Reached XP level 7. HP: 50/57 MP: 9/12
  3847 | D:5      | Gained mutation: You are resistant to electric shocks.
                  | (rElec) [Black Draconian growth]
  4062 | D:5      | Succumbed to a gnoll sergeant's poison

Illustrated notes

Levels and vault maps discovered:
D:1:      giann_wishing_wells, layout_rooms, serial_shops, shop,
          dk_noncrumbling_3
D:2:      layout_loops_corners, basic_ecumenical_altar, serial_shops, shop,
          shop_fountains, nicolae_shop_statue_plus, dk_noncrumbling_2
D:3:      minmay_chambers_of_threes, layout_basic
D:4:      layout_basic, ebering_ghost_rock_garden
D:5:      nicolae_cairo_tiling_large, layout_basic, dreamdust_mushroom_princess,
          minmay_manual_mail

Skill      XL: |  1  2  3  4  5  6 |
---------------+-------------------+-----
Dodging        | 2 3 |  3.4
Fighting       | 2 3 |  3.6
Transmutations | 3 |  3.7
Spellcasting   | 3 |  3.5
Unarmed Combat | 4 |  4.4
Poison Magic   | 1 |  1.5

Action                   |  1- 3 |  4- 6 |  7- 9 || total
-------------------------+-------+-------+-------++-------
Melee: Unarmed           |   133 |   153 |    24 ||   310
       Tailslap          |    13 |    20 |     3 ||    36
       Kick              |     4 |    22 |     4 ||    30
       Punch             |     3 |     3 |     1 ||     7
       Headbutt          |     3 |    19 |     4 ||    26
 Cast: Beastly Appendage |     5 |    12 |     2 ||    19
       Wereblood         |     4 |    10 |     2 ||    16
 Stab: Sleeping          |       |     1 |       ||     1
Armor: Skin              |    47 |    41 |     3 ||    91
Dodge: Dodged            |    93 |    66 |     8 ||   167
Block: Other             |    15 |    23 |     6 ||    44

Table legend: (Time is in decaauts)
 A = Elapsed time spent in this place.
 B = Non-inter-level travel time spent in this place.
 C = Inter-level travel time spent in this place.
 D = Time resting spent in this place.
 E = Time spent auto-exploring this place.
 F = Levels seen in this place.
 G = Mean time per level.
                   A        B        C        D        E       F      G
               +--------+--------+--------+--------+--------+-----+--------+
         Total |   4038 |   3940 |     98 |      0 |   3252 |   5 |  807.6 |
       Dungeon |   4038 |   3940 |     98 |      0 |   3252 |   5 |  807.6 |
               +--------+--------+--------+--------+--------+-----+--------+

Top non-repeatable levels by time:
     D:3: 1161 daAuts
     D:2: 919 daAuts
     D:4: 891 daAuts
     D:1: 661 daAuts
     D:5: 405 daAuts
